 Dungeon Crawl Stone Soup version 0.21.1-1-g345015f (webtiles) character file.

229 inc the Grasshopper (level 6, -1/50 HPs)
             Began as a Gnoll Warper on June 9, 2018.
             Slain by a gnoll
             ... wielding a +0 spear
              (8 damage)
             ... on level 4 of the Dungeon.
             The game lasted 00:03:53 (2583 turns).

inc the Grasshopper (Gnoll Warper)                  Turns: 2583, Time: 00:03:54

Health: -1/50      AC:  3    Str: 13    XL:     6   Next: 3%
Magic:  13/13      EV: 14    Int: 17    God:
Gold:   119        SH:  0    Dex: 15    Spells: 11/15 levels left

rFire    . . .     SeeInvis .   u - +0 whip
rCold    . . .     Gourm    .   (no shield)
rNeg     . . .     Faith    .   b - +0 leather armour
rPois    .         Spirit   .   (no helmet)
rElec    .         Reflect  .   (no cloak)
rCorr    .         Harm     .   (no gloves)
MR       .....                  (no boots)
Stlth    ++........             (no amulet)
HPRegen  0.16/turn              (no ring)
MPRegen  0.13/turn              (no ring)

@: hasted, very quick
A: distributed training, fangs 1, strong nose
a: no special abilities


You were on level 4 of the Dungeon.
You were hungry.

You visited 1 branch of the dungeon, and saw 4 of its levels.

You collected 119 gold pieces.

Inventory:

Hand Weapons
 a - a +0 mace
 u - a +0 whip (weapon)
Missiles
 e - 5 tomahawks of dispersal (quivered)
Armour
 b - a +0 leather armour (worn)
Wands
 t - a wand of iceblast (9)
Scrolls
 d - 2 scrolls of blinking
 i - 6 scrolls of remove curse {unknown}
 j - a scroll of random uselessness {unknown}
 m - 3 scrolls of identify {unknown}
 o - 2 scrolls of enchant armour {unknown}
 q - a scroll of teleportation {unknown}
 v - a scroll of enchant weapon {unknown}
Potions
 g - a potion of might
 h - a potion of cancellation
 k - a potion of ambrosia
 l - a potion of haste
 n - a potion of agility {unknown}
 p - a potion of berserk rage {unknown}
 r - 2 potions of invisibility {unknown}
 s - a potion of brilliance {unknown}
Books
 c - a book of Spatial Translocations

   Spells                             Type                      Level
   a - Blink                          Translocation                2
   b - Shroud of Golubria             Charms/Translocation         2
   c - Lesser Beckoning               Translocation                3
   d - Gell's Gravitas                Translocation                3
   e - Teleport Other                 Translocation                3
   f - Passage of Golubria            Translocation                4
Comestibles
 f - 3 rations


   Skills:
 + Level 4.9 Fighting
 + Level 1.7 Short Blades
 + Level 1.7 Long Blades
 + Level 1.7 Axes
 + Level 4.9 Maces & Flails
 + Level 1.7 Polearms
 + Level 1.7 Staves
 + Level 1.7 Slings
 + Level 1.7 Bows
 + Level 1.7 Crossbows
 + Level 3.1 Throwing
 + Level 3.1 Armour
 + Level 4.9 Dodging
 + Level 1.7 Stealth
 + Level 1.7 Shields
 + Level 1.7 Unarmed Combat
 + Level 5.2 Spellcasting
 + Level 1.3 Conjurations
 + Level 1.3 Hexes
 + Level 1.3 Charms
 + Level 1.3 Summonings
 + Level 1.3 Necromancy
 + Level 5.6 Translocations
 + Level 1.3 Transmutations
 + Level 1.3 Fire Magic
 + Level 1.3 Ice Magic
 + Level 1.3 Air Magic
 + Level 1.3 Earth Magic
 + Level 1.3 Poison Magic
 + Level 1.9 Invocations
 + Level 1.7 Evocations


You had 11 spell levels left.
You knew the following spells:

 Your Spells              Type           Power        Failure   Level  Hunger
a - Blink                 Tloc           N/A          2%          2    #......
b - Shroud of Golubria    Chrm/Tloc      ###.......   6%          2    #......


Dungeon Overview and Level Annotations

Branches:
Dungeon (4/15)
 Temple: D:4-7

Altars:


Innate Abilities, Weirdness & Mutations

Your experience applies equally to all skills.
You have very sharp teeth.
Your uncanny sense of smell can sniff out nearby items.


Message History

Your experience leads to an increase in your attributes!
Increase (S)trength, (I)ntelligence, or (D)exterity?
You feel clever.
You hit the goblin.
You kill the goblin!
You see here a goblin corpse.
You barely miss the gnoll. You punch the gnoll.
The gnoll is lightly wounded.
The gnoll closely misses you.
You hit the gnoll.
The gnoll is moderately wounded.
The gnoll hits you with a spear!
* * * LOW HITPOINT WARNING * * *
You closely miss the gnoll.
The gnoll is moderately wounded.
The gnoll hits you with a spear.
* * * LOW HITPOINT WARNING * * *
It was a potion of haste.
You feel yourself speed up. The gnoll hits you with a spear!
You die...

. #.## ...
####.####
........#
######g.#
#?.#
#######..#
#...<@g..#
#.######.#
#.# #..
####


You could see a gnoll.

Vanquished Creatures
  A howler monkey (D:4)
  2 worker ants (D:4)
  5 adders
  3 worms (D:2)
  2 dart slugs
  A leopard gecko (D:1)
  2 orcs (D:3)
  4 ball pythons
  A giant cockroach (D:3)
  6 goblins
  11 hobgoblins
  13 jackals
  4 kobolds
  6 bats
  8 frilled lizards
  14 rats
83 creatures vanquished.

Notes
Turn   | Place    | Note
-------+----------+-------------------------------------------
     0 | D:1      | inc the Gnoll Warper began the quest for the Orb.
     0 | D:1      | Reached XP level 1. HP: 20/20 MP: 6/6
    39 | D:1      | Reached XP level 2. HP: 11/26 MP: 7/7
    57 | D:1      | Learned a level 2 spell: Blink
    60 | D:1      | Learned a level 2 spell: Shroud of Golubria
   447 | D:1      | Reached XP level 3. HP: 27/31 MP: 9/9
   539 | D:1      | Reached skill level 5 in Spellcasting
  1005 | D:2      | Reached skill level 1 in Invocations
  1311 | D:2      | Reached skill level 1 in Short Blades
  1311 | D:2      | Reached skill level 1 in Long Blades
  1311 | D:2      | Reached skill level 1 in Axes
  1311 | D:2      | Reached skill level 1 in Polearms
  1311 | D:2      | Reached skill level 1 in Staves
  1311 | D:2      | Reached skill level 1 in Slings
  1311 | D:2      | Reached skill level 1 in Bows
  1311 | D:2      | Reached skill level 1 in Crossbows
  1311 | D:2      | Reached skill level 1 in Stealth
  1311 | D:2      | Reached skill level 1 in Shields
  1311 | D:2      | Reached skill level 1 in Unarmed Combat
  1311 | D:2      | Reached skill level 1 in Evocations
  1343 | D:2      | Reached XP level 4. HP: 34/38 MP: 11/11
  1876 | D:2      | Reached skill level 1 in Conjurations
  1876 | D:2      | Reached skill level 1 in Hexes
  1876 | D:2      | Reached skill level 1 in Charms
  1876 | D:2      | Reached skill level 1 in Summonings
  1876 | D:2      | Reached skill level 1 in Necromancy
  1876 | D:2      | Reached skill level 1 in Transmutations
  1876 | D:2      | Reached skill level 1 in Fire Magic
  1876 | D:2      | Reached skill level 1 in Ice Magic
  1876 | D:2      | Reached skill level 1 in Air Magic
  1876 | D:2      | Reached skill level 1 in Earth Magic
  1876 | D:2      | Reached skill level 1 in Poison Magic
  2046 | D:3      | Reached XP level 5. HP: 20/43 MP: 12/12
  2577 | D:4      | Reached XP level 6. HP: 18/50 MP: 13/13
  2583 | D:4      | Slain by a gnoll

Skill      XL: |  1  2  3  4  5 |
---------------+----------------+-----
Spellcasting   | 5 |  5.2
Invocations    | 1 |  1.9
Short Blades   | 1 |  1.7
Long Blades    | 1 |  1.7
Axes           | 1 |  1.7
Polearms       | 1 |  1.7
Staves         | 1 |  1.7
Slings         | 1 |  1.7
Bows           | 1 |  1.7
Crossbows      | 1 |  1.7
Stealth        | 1 |  1.7
Shields        | 1 |  1.7
Unarmed Combat | 1 |  1.7
Evocations     | 1 |  1.7
Conjurations   | 1 |  1.3
Hexes          | 1 |  1.3
Charms         | 1 |  1.3
Summonings     | 1 |  1.3
Necromancy     | 1 |  1.3
Transmutations | 1 |  1.3
Fire Magic     | 1 |  1.3
Ice Magic      | 1 |  1.3
Air Magic      | 1 |  1.3
Earth Magic    | 1 |  1.3
Poison Magic   | 1 |  1.3
Throwing       | 3 |  3.1
Armour         | 3 |  3.1
Fighting       | |  4.9
Maces & Flails | |  4.9
Dodging        | |  4.9
Translocations | |  5.6

Action                   |  1- 3 |  4- 6 || total
-------------------------+-------+-------++-------
Melee: Mace              |   157 |     6 ||   163
       Bite              |    11 |    16 ||    27
       Whip              |       |   173 ||   173
       Punch             |       |     1 ||     1
 Cast: Shroud of Golubri |       |     5 ||     5
  Use: Potion            |       |     4 ||     4
 Stab: Sleeping          |     4 |     6 ||    10
  Eat: Chunk             |     2 |     3 ||     5
Armor: Leather armour    |    33 |    30 ||    63
Dodge: Dodged            |   130 |   158 ||   288
